 Dungeon Crawl Stone Soup version 0.30.1-9-gdf580d7c3d (webtiles) character file.

Game seed: 12489865039947411827

95 Almogavar the Cleaver (level 4, 0/34 HPs)
             Began as a Gnoll Wanderer on Sept 29, 2023.
             Succumbed to an orc priest's poison
             ... on level 3 of the Dungeon.
             The game lasted 00:03:52 (1833 turns).

Almogavar the Cleaver (Gnoll Wanderer)              Turns: 1833, Time: 00:03:53

Health: 0/34       AC:  4    Str: 14    XL:     4   Next: 65%
Magic:  5/5        EV: 12    Int: 10    God:
Gold:   135        SH:  0    Dex: 12    Spells: 5/5 levels left

rFire   . . .        a - +0 war axe
rCold   . . .        (no shield)
rNeg    . . .        f - +0 leather armour
rPois   .            (no helmet)
rElec   .            (no cloak)
rCorr   .            i - +0 pair of gloves
SInv    .            (no boots)
Will    .....        (no amulet)
Stlth   +            (no ring)
HPRegen 0.25/turn    (no ring)
MPRegen 0.09/turn

%: no passive effects
@: lethally poisoned (0 -> -6)
A: fangs 1, strong nose, distributed training
a: no special abilities


You were on level 3 of the Dungeon.
You visited 1 branch of the dungeon, and saw 3 of its levels.

You collected 135 gold pieces.

Inventory:

Hand Weapons
 a - a +0 war axe (weapon)
 d - a +0 dagger
Missiles
 c - 17 poisoned darts (quivered)
Armour
 f - a +0 leather armour (worn)
 i - a +0 pair of gloves (worn)
Scrolls
 b - a scroll of fog
 h - a scroll of amnesia {unknown}
 j - a scroll of magic mapping
 k - a scroll of identify {unknown}
 m - a scroll of immolation {unknown}
 o - a scroll of fear {unknown}
Potions
 e - a potion of curing
 g - a potion of haste {unknown}
 l - a potion of flight {unknown}
 n - a potion of berserk rage {unknown}
 p - a potion of invisibility {unknown}


   Skills:
 + Level 2.8 Fighting
 + Level 1.2 Short Blades
 + Level 1.2 Long Blades
 + Level 8.6 Axes
 + Level 1.2 Maces & Flails
 + Level 1.2 Polearms
 + Level 1.2 Staves
 + Level 1.2 Ranged Weapons
 + Level 4.7 Throwing
 + Level 4.7 Armour
 + Level 2.8 Dodging
 + Level 1.2 Stealth
 + Level 1.2 Shields
 + Level 1.2 Unarmed Combat
 + Level 1.2 Spellcasting
 + Level 1.0 Conjurations
 + Level 1.0 Hexes
 + Level 1.0 Summonings
 + Level 1.0 Necromancy
 + Level 1.0 Translocations
 + Level 1.0 Transmutations
 + Level 1.0 Fire Magic
 + Level 1.0 Ice Magic
 + Level 1.0 Air Magic
 + Level 1.0 Earth Magic
 + Level 1.0 Poison Magic
 + Level 1.4 Invocations
 + Level 1.2 Evocations


You had 5 spell levels left.
You didn't know any spells.
Your spell library was empty.

Dungeon Overview and Level Annotations

Branches:
Dungeon (3/15)

Altars:
Vehumet


Innate Abilities, Weirdness & Mutations

You have very sharp teeth.
Your uncanny sense of smell can sniff out nearby items.
Your experience applies equally to all skills.


Message History

You hit the rat.
You kill the rat!
No target in view!
Found a stone staircase leading up.
You now have 118 gold pieces (gained 12).
Found a radiant altar of Vehumet.
p - a sedimented green potion You now have 124 gold pieces (gained 6).
Found an escape hatch in the floor.
Found a whip.
You now have 135 gold pieces (gained 11).
An orc comes into view. It is wielding a +0 short sword.
The orc shouts!
You hear a shout! x3
An orc priest comes into view. It is wielding a +0 dagger of venom.
An orc comes into view. It is wielding a +0 short sword.
The orc shouts!
A hobgoblin comes into view.
The orc priest invokes the aid of Beogh against you.
Beogh smites you!
You slash the orc!
You kill the orc!
You closely miss the orc. You bite the orc, but do no damage.
The orc hits you with a +0 short sword.
You barely miss the orc. The orc hits you with a +0 short sword.
You slash the orc!
You kill the orc!
You hit the orc priest.
The orc priest is lightly wounded.
The orc priest hits you with a +0 dagger of venom.
You are poisoned.
You are too injured to fight recklessly!
You hit the orc priest.
The orc priest is moderately wounded.
You feel sick.
The orc priest mumbles some strange prayers to Beogh against you.
Beogh smites you!
* * * LOW HITPOINT WARNING * * *
You barely miss the orc priest.
The orc priest is moderately wounded.
You die...

...#.#...#.###.#
.#.#.#.............#
......#.#..#...#..# .....
#.#.###.###.# ∆
.....#....#...#..#
.....#.#...._....#
#g##.#....#...#..#
#o##.#...###.###..
####@##.#.#..#...#... .
#....##.#.#.........#
#..#.##.#####.#.##.....####
#.............##.........
#..#.#.#.#)#.####...#.####
##...........####.>.#.#
#.#.#.#.#..........#.#
#..........#.###...#..
#.#.#.#.#..#.# #######


You could see an orc priest and a hobgoblin.

Vanquished Creatures
  5 adders
  3 dart slugs
  2 orcs (D:3)
  6 endoplasms
  2 giant cockroaches
  2 jackals (D:1)
  A quokka (D:1)
  3 ball pythons
  4 bats
  4 frilled lizards
  5 goblins
  3 kobolds
  3 rats
43 creatures vanquished.

Notes
Turn   | Place    | Note
-------+----------+-------------------------------------------
     0 | D:1      | Almogavar the Gnoll Wanderer began the quest for the Orb.
     0 | D:1      | Almogavar set off with the following items: a +0 war axe, a
                  | scroll of fog, 13 poisoned darts, a +0 dagger, a potion of
                  | curing, a +0 leather armour.
     0 | D:1      | Reached XP level 1. HP: 17/17 MP: 1/1
   165 | D:1      | Reached XP level 2. HP: 23/23 MP: 2/2
   679 | D:2      | Reached XP level 3. HP: 18/28 MP: 2/4
   738 | D:2      | Reached skill level 1 in Invocations
   900 | D:2      | Reached skill level 1 in Short Blades
   900 | D:2      | Reached skill level 1 in Long Blades
   900 | D:2      | Reached skill level 1 in Maces & Flails
   900 | D:2      | Reached skill level 1 in Polearms
   900 | D:2      | Reached skill level 1 in Staves
   900 | D:2      | Reached skill level 1 in Ranged Weapons
   900 | D:2      | Reached skill level 1 in Stealth
   900 | D:2      | Reached skill level 1 in Shields
   900 | D:2      | Reached skill level 1 in Unarmed Combat
   900 | D:2      | Reached skill level 1 in Spellcasting
   900 | D:2      | Reached skill level 1 in Evocations
  1110 | D:2      | Reached XP level 4. HP: 32/34 MP: 5/5
  1555 | D:3      | Reached skill level 1 in Conjurations
  1555 | D:3      | Reached skill level 1 in Hexes
  1555 | D:3      | Reached skill level 1 in Summonings
  1555 | D:3      | Reached skill level 1 in Necromancy
  1555 | D:3      | Reached skill level 1 in Translocations
  1555 | D:3      | Reached skill level 1 in Transmutations
  1555 | D:3      | Reached skill level 1 in Fire Magic
  1555 | D:3      | Reached skill level 1 in Ice Magic
  1555 | D:3      | Reached skill level 1 in Air Magic
  1555 | D:3      | Reached skill level 1 in Earth Magic
  1555 | D:3      | Reached skill level 1 in Poison Magic
  1774 | D:3      | Found a radiant altar of Vehumet.
  1832 | D:3      | HP: 1/34 [orc priest/divine providence (13)]
  1833 | D:3      | Succumbed to an orc priest's poison

Illustrated notes

Levels and vault maps discovered:
D:1:      minmay_arrival_plants_in_alcoves, layout_basic
D:2:      layout_basic
D:3:      layout_loops_ring, vehumet_crystals, serial_glass, glass_columns_a,
          glass_columns_a, glass_columns_a, glass_columns_b, glass_columns_c,
          glass_columns_c, glass_columns_b, glass_columns_c, glass_columns_b,
          glass_columns_b

Skill      XL: |  1  2  3  4 |
---------------+-------------+-----
Invocations    | 1 |  1.4
Short Blades   | 1 |  1.2
Long Blades    | 1 |  1.2
Maces & Flails | 1 |  1.2
Polearms       | 1 |  1.2
Staves         | 1 |  1.2
Ranged Weapons | 1 |  1.2
Stealth        | 1 |  1.2
Shields        | 1 |  1.2
Unarmed Combat | 1 |  1.2
Spellcasting   | 1 |  1.2
Evocations     | 1 |  1.2
Conjurations   | 1 |  1.0
Hexes          | 1 |  1.0
Summonings     | 1 |  1.0
Necromancy     | 1 |  1.0
Translocations | 1 |  1.0
Transmutations | 1 |  1.0
Fire Magic     | 1 |  1.0
Ice Magic      | 1 |  1.0
Air Magic      | 1 |  1.0
Earth Magic    | 1 |  1.0
Poison Magic   | 1 |  1.0
Fighting       | |  2.8
Axes           | |  8.6
Throwing       | |  4.7
Armour         | |  4.7
Dodging        | |  2.8

Action                     |  1- 3 |  4- 6 || total
---------------------------+-------+-------++-------
  Melee: War axe           |    78 |    37 ||   115
         Bite              |     5 |     4 ||     9
         Punch             |     1 |     1 ||     2
    Use: Scroll            |       |     1 ||     1
   Stab: Sleeping          |     5 |       ||     5
 Armour: Leather armour    |    16 |    12 ||    28
  Dodge: Dodged            |    37 |    19 ||    56
